 Dungeon Crawl Stone Soup version 0.26-a0-651-gb41185065b (webtiles) character file.

Game seed: 9708840239535641792

(classic levelgen) 59482 EnegeticOcto the Severer (level 14, -7/133 HPs)
             Began as a Deep Dwarf Fighter on Sept 30, 2020.
             Was the Champion of Makhleb.
             Mangled by a shambling mangrove (14 damage)
             ... on level 1 of the Swamp.
             The game lasted 00:09:58 (11592 turns).

EnegeticOcto the Severer (Deep Dwarf Fighter)      Turns: 11592, Time: 00:09:58

Health: -7/133     AC: 22    Str: 25    XL:     14   Next: 53%
Magic:  10/10 (1)  EV:  5    Int:  5    God:    Makhleb [******]
Gold:   1291       SH: 13    Dex: 12    Spells: 13/13 levels left

rFire    . . .     SeeInvis .   u - +1 war axe (flame)
rCold    . . .     Faith    +   c - +0 kite shield
rNeg     + + +     Spirit   .   f - +1 chain mail "Deph" {rElec rN++ MP+9 Int-4}
rPois    +         Reflect  .   D - +2 hat
rElec    +         Harm     .   g - +2 cloak
rCorr    .         Rampage  .   (no gloves)
MR       ++...                  e - +2 pair of boots
Stlth    ..........             E - amulet of faith
HPRegen  0.00/turn              F - ring of poison resistance
MPRegen  0.12/turn              (no ring)

@: grasped by roots, non-regenerating, constricted, very slow
A: damage resistance, heal wounds, negative energy resistance 1, sense
surroundings 2, no regeneration
a: Heal Wounds, Minor Destruction, Lesser Servant of Makhleb, Major Destruction,
Greater Servant of Makhleb, Renounce Religion


You were on level 1 of the Swamp.
You worshipped Makhleb.
Makhleb was exalted by your worship.
You visited 5 branches of the dungeon, and saw 19 of its levels.
You also visited: Ossuary.

You collected 1361 gold pieces.
You spent 70 gold pieces at shops.

Inventory:

Hand Weapons
 a - a +0 broad axe of freezing
 b - a +1 dagger of distortion
 m - the +1 broad axe of the Ten Places {chaos, rF+ Int+2}
   (You subdued it on level 2 of the Orcish Mines)

   Each time it hits an enemy it has a different, random effect.
   It affects your intelligence (+2).
   It protects you from fire.
 u - a +1 war axe of flaming (weapon)
Missiles
 p - 2 throwing nets (quivered)
Armour
 c - a +0 kite shield (worn)
 e - a +2 pair of boots (worn)
 f - the +1 chain mail "Deph" (worn) {rElec rN++ MP+9 Int-4}
   (You found it on level 12 of the Dungeon)

   It affects your intelligence (-4).
   It insulates you from electricity.
   It greatly protects you from negative energy.
   It affects your magic capacity (+9).
 g - a +2 cloak (worn)
 o - a +0 plate armour
 D - a +2 hat (worn)
Jewellery
 t - an uncursed amulet of regeneration {unknown}
 E - an amulet of faith (around neck)
 F - a ring of poison resistance (left hand)
Wands
 h - a wand of iceblast (7) {@v2}
 k - a wand of polymorph (20)
 y - a wand of disintegration (12)
 C - a wand of enslavement (11)
Scrolls
 i - 5 scrolls of magic mapping {@r5}
 j - 6 scrolls of teleportation {@r3}
 n - a scroll of enchant armour
 q - 2 scrolls of remove curse {@r2}
 H - a scroll of holy word
 J - a scroll of identify {@r1}
Potions
 d - 3 potions of might {@q3}
 l - 4 potions of haste {@q4}
 r - 2 potions of lignification {@q7}
 s - 3 potions of ambrosia
 v - 4 potions of mutation
 w - 2 potions of curing {@q1}
 x - 2 potions of brilliance {unknown}
 z - 2 potions of berserk rage
 A - a potion of heal wounds {@q2}
 B - 2 potions of cancellation
 I - a potion of invisibility {unknown}
 K - 2 potions of flight
Miscellaneous
 G - a phantom mirror (inert)


   Skills:
 + Level 10.3 Fighting
 * Level 16.0 Axes
 + Level 11.9 Armour
 + Level 12.0 Shields
 + Level 13.1 Invocations


You had 13 spell levels left.
You didn't know any spells.
Your spell library was empty.

Dungeon Overview and Level Annotations

Branches:
Dungeon (12/15)            Temple (1/1) D:4            Lair (3/6) D:10
  Swamp (1/4) Lair:3       Spider (0/4) Lair:2          Orc (2/2) D:10
    Elf (0/3) Orc:2       Ossuary (visited)

Altars:
Ashenzari
Cheibriados
Dithmenos
Elyvilon
Fedhas
Gozag
Hepliaklqana
Kikubaaqudgha
Makhleb
Nemelex Xobeh
Okawaru
Qazlal
Ru
Sif Muna
Trog
Uskayaw
Vehumet
Xom
Yredelemnul
Zin

Shops:
D:11 *   Orc:2 ((=(

Annotations:
D:6 2 transporters, Ge0ff's ghost, novice OpWz
Lair:2 2 transporters, Mahomp's ghost, journeyman DrIE
Lair:3 exclusion: oklob plant


Innate Abilities, Weirdness & Mutations

You are resistant to damage.
You can heal yourself by infusing magical energy.
You resist negative energy. (rN+)
You passively map the area around you.
You do not regenerate.


Message History

You are too injured to fight recklessly!
You are too injured to fight recklessly!
You are too injured to fight recklessly!
You are too injured to fight recklessly!
You are too injured to fight recklessly!
You are too injured to fight recklessly!
You are too injured to fight recklessly!
You are too injured to fight recklessly!
You are too injured to fight recklessly!
You are too injured to fight recklessly!
You are too injured to fight recklessly!
You are too injured to fight recklessly!
You are too injured to fight recklessly!
You are too injured to fight recklessly!
You are too injured to fight recklessly!
The spriggan rider hits you but does no damage.
You feel much better.
The spriggan rider hits you with a +0 spear.
You miss the spriggan rider.
The spriggan rider is heavily wounded.
The spriggan rider hits you but does no damage.
You miss the spriggan rider.
The spriggan rider is heavily wounded.
The spriggan rider hits you with a +0 spear!
You miss the spriggan rider.
The spriggan rider is heavily wounded.
A shambling mangrove comes into view.
You slash the spriggan rider!
You kill the hornet!
Makhleb accepts your kill.
Your Axes skill increases to level 16!
The spriggan falls from its now dead mount.
You burn the spriggan.
The spriggan is heavily wounded.
You slash the spriggan! You burn the spriggan.
The spriggan is almost dead.
The spriggan hits you with a +0 spear.
You hit the spriggan but do no damage.
The spriggan is almost dead.
You block the spriggan's attack.
You hit the spriggan. You burn the spriggan.
You kill the spriggan!
Makhleb accepts your kill.
You feel better.
A swamp worm comes into view.
You enter the shallow water.
Moving in this stuff is going to be slow.
The swamp worm fires a harpoon shot at you.
The harpoon shot hits you but does no damage.
Roots burst forth from the earth!
The grasping roots grab you! The grasping roots constrict you.
You escape the roots' grasp.
The shambling mangrove hits you!!
You slash the shambling mangrove! You burn the shambling mangrove.
The shambling mangrove is lightly damaged.
You block the shambling mangrove's attack.
Your unstable footing causes you to fumble your attack.
You block the swamp worm's attack. The shambling mangrove hits you!
You are too injured to fight recklessly!
You are too injured to fight recklessly!
You are too injured to fight recklessly!
You are too injured to fight recklessly!
You are too injured to fight recklessly!
You are too injured to fight recklessly!
You are too injured to fight recklessly!
There are monsters nearby!
There are monsters nearby!
There are monsters nearby!
There are monsters nearby!
There are monsters nearby!
There are monsters nearby!
There are monsters nearby!
There are monsters nearby!
There are monsters nearby!
There are monsters nearby!
You are too injured to fight recklessly!
The swamp worm bites you but does no damage.
A tyrant leech comes into view.
You block the swamp worm's attack.
The shambling mangrove barely misses you.
The tyrant leech moves out of view.
You block the swamp worm's attack.
The shambling mangrove hits you but does no damage.
The swamp worm bites you!
* * * LOW HITPOINT WARNING * * *
You block the shambling mangrove's attack.
The swamp worm barely misses you. You block the swamp worm's attack.
The shambling mangrove barely misses you.
You block the swamp worm's attack. The swamp worm barely misses you.
Roots burst forth from the earth!
The grasping roots grab you! The grasping roots constrict you.
You block the swamp worm's attack.
The shambling mangrove hits you but does no damage.
* * * LOW HITPOINT WARNING * * *
The grasping roots constrict you!!
The swamp worm bites you but does no damage.
The shambling mangrove hits you!
You die...

,, ≈ ≈ ^, , *
,≈≈§≈≈≈≈♣.≈≈≈≈≈♣ .≈.≈.≈ ,
* ./.≈≈≈.$.....≈♣♣.≈.≈.
.≈≈≈..≈≈..≈.≈...?≈..≈ , *
.≈≈§≈.≈≈≈≈≈.≈.≈≈.≈≈.≈ ≈≈
♣.≈≈≈.≈.≈≈≈≈..≈.≈.≈.. ≈
≈≈ ,
♣.≈≈≈≈≈.....(≈!....≈≈≈ ≈
♣♣†≈≈....≈†...≈.f♣ , ≈,
♣♣.†...≈≈≈≈≈...≈@♣♣♣♣.≈ ≈
♣≈.≈≈♣.≈.♣≈≈≈.≈≈.w.?..≈≈
,
≈≈.≈≈≈...≈[[)≈≈≈....≈...
≈,
♣≈≈≈♣≈.≈.≈.≈≈§......≈≈≈.,
,
≈≈.≈≈§≈..≈.♣≈≈.≈....≈...
..§≈≈.()≈.§≈♣≈.≈........
,
<.♣♣♣♣..≈.♣≈≈≈.≈...≈....≈
≈ ♣♣♣ ♣♣♣♣≈≈........≈(.≈≈
* , ♣ ♣♣♣♣♣..≈≈.≈♣≈. , *
,


You could see a shambling mangrove and a swamp worm.

Vanquished Creatures
  A fire giant (D:12)
  A war gargoyle (D:12)
  The ghost of p0werm0de the Dancer, a journeyman DDFi of Uskayaw (Orc:2)
  An ettin (D:12)
  Harold (D:7)
  4 hydras
  Fannar (Lair:2)
  An ogre mage (Orc:2)
  2 shambling mangroves (Swamp:1)
  A dancing weapon (Orc:2)
  An orc high priest (Orc:2)
  Urug (Orc:2)
  11 two-headed ogres
  Nergalle (D:10)
  An unseen horror (D:11)
  A deep troll (Orc:2)
  An orc knight (Orc:1)
  2 phantasmal warriors (D:12)
  5 swamp dragons (Swamp:1)
  An orc sorcerer (Orc:1)
  Pikel (D:7)
  A wolf spider (Lair:2)
  A manticore (D:12)
  An ugly thing (D:12)
  2 cyclopes (Orc:2)
  A salamander (shapeshifter) (D:12)
  3 centaur skeletons
  Maggie (D:7)
  8 cane toads
  A kobold demonologist (D:8)
  A rime drake (Lair:2)
  4 komodo dragons
  A queen bee (Lair:3)
  16 trolls
  3 blink frogs (Lair:2)
  2 bog bodies (Lair:3)
  3 hornets (Swamp:1)
  3 hippogriffs
  Prince Ribbit (D:7)
  2 spriggans
  Sigmund (D:6)
  A wyvern (Lair:3)
  22 yaks
  A wraith (D:11)
  A steam dragon (D:9)
  4 vampire mosquitoes (Swamp:1)
  An acid dragon (D:11)
  8 wargs
  2 porcupines
  3 water moccasins
  A black bear (Orc:2)
  4 ice beasts
  18 orc warriors
  23 ogres
  An eye of draining (D:12)
  A phantom (D:6)
  4 sky beasts
  7 necrophages
  5 centaurs
  7 big kobolds
  6 crocodiles
  A lemure (D:7)
  16 bullfrogs
  A water moccasin zombie (D:8)
  3 scorpions
  A water moccasin skeleton (D:7)
  24 killer bees (Lair:3)
  11 wights
  3 howler monkeys
  3 bullfrog zombies
  20 orc priests
  2 bullfrog skeletons
  3 centaur zombies (D:8)
  4 hounds
  6 jellies
  23 orc wizards
  3 iguanas
  7 worker ants
  A killer bee zombie (D:8)
  15 mummies
  A worker ant zombie (D:8)
  6 adders
  3 shadow imps (D:8)
  2 white imps
  3 adder skeletons
  2 adder zombies
  101 orcs
  A ball python (D:4)
  2 bats
  2 giant cockroaches
  A goblin (D:1)
  2 hobgoblins (D:1)
  3 jackals
  7 quokkas
  2 frilled lizards
  A gnoll skeleton (Ossuary)
  3 goblin skeletons (Ossuary)
  A jackal skeleton (D:4)
  A jackal zombie (D:8)
  31 kobolds
  11 kobold skeletons
  8 kobold zombies (D:8)
  A leopard gecko zombie (D:8)
  3 orc skeletons (Ossuary)
  11 rat skeletons (Ossuary)
572 creatures vanquished.

Vanquished Creatures (collateral kills)
  A sphinx (D:12)
  A war gargoyle (D:12)
  A yaktaur captain (D:12)
  2 two-headed ogres (Orc:2)
  An ogre mage (Orc:2)
  A deep troll (Orc:2)
  A troll (Orc:2)
  An orc warrior (Orc:2)
  5 ogres (Orc:2)
  An orc priest (Orc:2)
  An orc wizard (Orc:2)
  3 orcs (Orc:2)
19 creatures vanquished.

Vanquished Creatures (others)
  An alligator (Swamp:1)
  4 fungi
  9 plants
  14 toadstools (Lair:3)
  6 withered plants (D:8)
34 creatures vanquished.

Grand Total: 625 creatures vanquished

Notes
Turn   | Place    | Note
-------+----------+-------------------------------------------
     0 | D:1      | EnegeticOcto the Deep Dwarf Fighter began the quest for the
                  | Orb.
     0 | D:1      | Reached XP level 1. HP: 20/20 MP: 1/1
   202 | D:1      | Reached XP level 2. HP: 22/27 MP: 2/2
   256 | D:3      | Found a shadowy altar of Dithmenos.
   340 | D:4      | Reached skill level 3 in Axes
   340 | D:4      | Reached XP level 3. HP: 21/34 MP: 3/3
   479 | D:4      | Noticed a scorpion
   491 | D:4      | Killed a scorpion
   491 | D:4      | Reached XP level 4. HP: 21/42 MP: 4/4
   511 | D:4      | Found a staircase to the Ecumenical Temple.
   533 | Temple   | Entered the Ecumenical Temple
   757 | D:4      | Found a burning altar of Makhleb.
   757 | D:4      | Noticed an Executioner
   906 | D:4      | Noticed a neqoxec
   906 | D:4      | Noticed a smoke demon
   908 | D:4      | Became a worshipper of Makhleb the Destroyer
   976 | D:4      | Noticed an ogre
   986 | D:4      | Killed an ogre
   986 | D:4      | Reached skill level 4 in Axes
   986 | D:4      | Reached skill level 1 in Invocations
   986 | D:4      | Reached XP level 5. HP: 20/49 MP: 5/5
  1107 | D:4      | Found a stormy altar of Qazlal.
  1293 | D:4      | Found a glowing silver altar of Zin.
  1309 | D:4      | Reached XP level 6. HP: 38/56 MP: 7/7
  1435 | D:5      | Entered Level 5 of the Dungeon
  1837 | D:5      | Reached skill level 5 in Axes
  1862 | D:5      | Noticed an ice beast
  1867 | D:5      | Reached XP level 7. HP: 30/63 MP: 7/9
  1901 | D:5      | Reached * piety under Makhleb
  1945 | D:5      | Reached skill level 5 in Shields
  2018 | D:5      | Reached skill level 5 in Armour
  2277 | D:5      | Reached skill level 6 in Axes
  2466 | D:6      | Reached XP level 8. HP: 49/73 MP: 9/11
  2527 | D:6      | Found a transporter.
  2530 | D:6      | Noticed Ge0ff's ghost (novice OpWz)
  2585 | D:6      | Found a transporter.
  2603 | D:6      | Noticed Sigmund
  2616 | D:6      | Killed Sigmund
  2616 | D:6      | Reached skill level 7 in Axes
  2809 | D:6      | Reached ** piety under Makhleb
  2966 | D:7      | Noticed Prince Ribbit
  2971 | D:7      | Noticed Harold
  3016 | D:7      | Killed Harold
  3016 | D:7      | Reached skill level 5 in Fighting
  3016 | D:7      | Reached skill level 8 in Axes
  3016 | D:7      | Reached skill level 5 in Invocations
  3016 | D:7      | Gained mutation: You passively map the area around you.
                  | [Deep Dwarf growth]
  3016 | D:7      | Reached XP level 9. HP: 50/81 MP: 8/10
  3025 | D:7      | Killed Prince Ribbit
  3058 | D:7      | Found a shimmering blue altar of Sif Muna.
  3328 | D:7      | Found a radiant altar of Vehumet.
  3366 | D:7      | Noticed Maggie
  3367 | D:7      | Noticed Pikel
  3383 | D:7      | Reached skill level 9 in Axes
  3392 | D:7      | Killed Pikel
  3409 | D:7      | Killed Maggie
  3413 | D:7      | Found a sand-covered staircase.
  3422 | Ossuary  | Entered an ossuary
  3548 | Ossuary  | Reached *** piety under Makhleb
  3573 | Ossuary  | Reached XP level 10. HP: 71/91 MP: 9/9
  4190 | D:8      | Reached skill level 10 in Axes
  4231 | D:8      | Reached **** piety under Makhleb
  4326 | D:8      | Found a shimmering altar of Xom.
  4808 | D:8      | Reached ***** piety under Makhleb
  4844 | D:8      | Found an ancient bone altar of Kikubaaqudgha.
  5098 | D:9      | Reached skill level 11 in Axes
  5117 | D:9      | Noticed a two-headed ogre
  5129 | D:9      | Killed a two-headed ogre
  5129 | D:9      | Reached XP level 11. HP: 85/99 MP: 0/11
  5210 | D:9      | Found a sparkling altar of Nemelex Xobeh.
  5210 | D:9      | Found a basalt altar of Yredelemnul.
  5211 | D:9      | Found a hide-covered altar of Uskayaw.
  5542 | D:10     | Entered Level 10 of the Dungeon
  5543 | D:10     | Noticed Nergalle
  5567 | D:10     | Killed Nergalle
  5690 | D:10     | Found a staircase to the Orcish Mines.
  5729 | D:10     | Reached ****** piety under Makhleb
  5730 | D:10     | Identified the +4 mace "Fiot" {freeze, *Noise rElec rC+
                  | Str+4}
  5731 | D:10     | Noticed a two-headed ogre
  5752 | D:10     | Killed a two-headed ogre
  5831 | D:10     | Found a staircase to the Lair.
  6179 | D:11     | Reached skill level 12 in Axes
  6191 | D:11     | Noticed a six-headed hydra
  6210 | D:11     | Killed a one-headed hydra
  6242 | D:11     | Noticed a two-headed ogre
  6251 | D:11     | Killed a two-headed ogre
  6385 | D:11     | Reached skill level 10 in Invocations
  6432 | D:11     | Killed an unseen horror
  6496 | D:11     | Reached XP level 12. HP: 99/110 MP: 13/13
  6505 | D:11     | Found Upsew's General Store.
  6514 | D:11     | Bought a potion of berserk rage for 70 gold pieces
  7055 | Lair:1   | Entered Level 1 of the Lair of Beasts
  7093 | Lair:1   | Noticed a four-headed hydra
  7100 | Lair:1   | Killed a one-headed hydra
  7198 | Lair:1   | Reached skill level 13 in Axes
  7230 | Lair:2   | Noticed Mahomp's ghost (journeyman DrIE)
  7231 | Lair:2   | Found a transporter.
  7231 | Lair:2   | Found a transporter.
  7302 | Lair:2   | Noticed Fannar
  7341 | Lair:2   | Killed Fannar
  7395 | Lair:2   | Reached skill level 10 in Shields
  7567 | Lair:2   | Reached skill level 10 in Armour
  7683 | Lair:2   | Found a hole to the Spider Nest.
  7964 | Lair:2   | Noticed a six-headed hydra
  7973 | Lair:2   | Killed a one-headed hydra
  8174 | Lair:3   | Found a staircase to the Swamp.
  8548 | Lair:3   | Found a blossoming altar of Fedhas.
  8675 | Lair:3   | Reached XP level 13. HP: 72/120 MP: 13/13
  8897 | Orc:1    | Entered Level 1 of the Orcish Mines
  8947 | Orc:1    | Reached skill level 14 in Axes
  9367 | Orc:2    | Entered Level 2 of the Orcish Mines
  9479 | Orc:2    | Found a staircase to the Elven Halls.
  9515 | Orc:2    | Found Ceuz's Weapon Shoppe.
  9543 | Orc:2    | Found Caaratte's Weapon Boutique.
  9550 | Orc:2    | Found Esydol's Antique Weapon Emporium.
  9551 | Orc:2    | Found Antuiz's Jewellery Emporium.
  9636 | Orc:2    | Noticed Urug
  9669 | Orc:2    | Killed Urug
  9669 | Orc:2    | Reached skill level 15 in Axes
  9926 | Orc:2    | Found a runed translucent door.
  9927 | Orc:2    | Found a shimmering altar of Xom.
  9927 | Orc:2    | Noticed p0werm0de's ghost (journeyman DDFi)
  9929 | Orc:2    | Identified the cursed +1 broad axe of the Ten Places
                  | {chaos, rF+ Int+2}
 10042 | Orc:2    | Killed p0werm0de's ghost
 10459 | D:12     | Gained mutation: You resist negative energy. (rN+) [Deep
                  | Dwarf growth]
 10459 | D:12     | Reached XP level 14. HP: 130/130 MP: 10/10
 10690 | D:12     | Found a runed translucent door.
 10690 | D:12     | Noticed a war gargoyle
 10691 | D:12     | Noticed a fire giant
 10692 | D:12     | Noticed a sphinx
 10692 | D:12     | Noticed a war gargoyle
 11154 | D:12     | Killed a war gargoyle
 11176 | D:12     | Killed a fire giant
 11176 | D:12     | Reached skill level 10 in Fighting
 11203 | D:12     | Killed a war gargoyle
 11216 | D:12     | Paralysed by a sphinx for 5 turns
 11222 | D:12     | Killed a sphinx
 11254 | D:12     | Got a vibrating pewter ring
 11255 | D:12     | Identified the ring "Omuixeyrgh" {*Tele *Slow rC+ Str+3
                  | Dex+2} (You found it on level 12 of the Dungeon)
 11260 | D:12     | Identified the +1 chain mail "Deph" {rElec rN++ MP+9 Int-4}
                  | (You found it on level 12 of the Dungeon)
 11263 | D:12     | Identified the cursed +0 storm dragon scales of Panentheism
                  | {rElec Int+3} (You found it on level 12 of the Dungeon)
 11417 | Swamp:1  | Entered Level 1 of the Swamp
 11575 | Swamp:1  | Reached skill level 16 in Axes
 11592 | Swamp:1  | Mangled by a shambling mangrove

Illustrated notes

Levels and vault maps discovered:
D:1:      grunt_arrival_crossed_arrows, layout_rooms, serial_co_window_serial,
          co_window_cross_1, co_window_paths_a, co_window_corner_a,
          co_window_corner_a, co_window_of_opportunity_a, co_window_paths_a,
          co_window_corner_a, co_window_unsneaky_path_c, co_window_2corner,
          co_window_of_opportunity_b, co_window_corner_b, co_window_2corner,
          co_window_corner_cb, co_window_4corner_b, glass_columns_b,
          glass_columns_a, glass_columns_c, chequers_serial_rivers_micro_e
D:2:      layout_loops_corners, lemuel_doored_altar,
          nicolae_overflow_hidden_temple
D:3:      layout_rooms, old_standard_altar, grunt_dithmenos_smoke
D:4:      minmay_angry_zag, layout_basic, nicolae_qazlal_eye_of_the_storm,
          zin_academy, makhleb_altar_promises_db, minmay_temple_entry_overgrown
D:5:      layout_loops_corners
D:6:      layout_basic, gammafunk_ghost_stat_death, minmay_strange_pillars,
          uniq_sigmund
D:7:      layout_loops_ring, kennysheep_little_box, enter_ossuary_2,
          lemuel_statue_altar, uniq_harold, uniq_maggie, uniq_prince_ribbit1,
          uniq_pikel
D:8:      wander_kiku_kobolds, layout_basic, basic_altar, serial_undead,
          serial_undead_b, serial_undead_b, serial_undead_a, serial_undead_f,
          serial_undead_f, serial_undead_f, serial_undead_f, serial_undead_a
D:9:      layout_roguey, gammafunk_temple_overflow_forgotten
D:10:     layout_rooms, lair_entry_dummy, david_orc_3, uniq_nergalle
D:11:     layout_loops_ring, serial_shops, shop
D:12:     minmay_gate_of_8, layout_basic
Temple:   bh_familiar_temple
Lair:1:   layout_chaotic_city, grunt_megastairs_1
Lair:2:   layout_loops_ring, spider_nest_entry_rubble, gammafunk_ghost_arena,
          grunt_forest_large_clearing_hut, lemuel_fruit_fields,
          grunt_megastairs_3, uniq_fannar
Lair:3:   layout_roguey [special_room_bee], skrybe_swamp_entry_bodies,
          tgw_fedhas
Swamp:1:  layout_falls_marsh, evilmike_swamp_ruin_house_2
Orc:1:    layout_diamond_mine
Orc:2:    st_orc_open, layout_caves, special_room, ebering_ghost_xom, rock_pile,
          uniq_urug

Skill      XL: |  1  2  3  4  5  6  7  8  9 10 11 12 13 14 |
---------------+-------------------------------------------+-----
Fighting       | 3 4 5 6 7 8 9 10 | 10.3
Axes           | 3 4 5 6 8 9 11 12 13 15 16 | 16.0
Armour         | 4 5 6 7 8 9 10 11 | 11.9
Shields        | 4 5 6 7 8 9 10 11 12 | 12.0
Invocations    | 1 2 4 5 7 8 10 11 12 13 | 13.1

Action                   |  1- 3 |  4- 6 |  7- 9 | 10-12 | 13-15 || total
-------------------------+-------+-------+-------+-------+-------++-------
Melee: War axe           |    55 |   199 |   482 |  1108 |   221 ||  2065
       Broad axe         |       |       |       |       |   374 ||   374
Invok: Lesser Servant of |       |       |       |       |    12 ||    12
 Abil: Heal Wounds       |       |     6 |    28 |    13 |    47 ||    94
Evoke: Wand              |       |       |       |     2 |       ||     2
       Phantom mirror    |       |       |       |       |     1 ||     1
  Use: Scroll            |     3 |       |     1 |    13 |    10 ||    27
       Potion            |       |       |       |       |     1 ||     1
 Stab: Distracted        |       |       |       |       |     5 ||     5
Armor: Scale mail        |    29 |   114 |   156 |       |       ||   299
       Plate armour      |       |       |    99 |   616 |   293 ||  1008
       Chain mail        |       |       |       |       |   169 ||   169
Dodge: Dodged            |    19 |    52 |   115 |   233 |   198 ||   617
Block: Kite shield       |    35 |   125 |   245 |   644 |   469 ||  1518

Table legend: (Time is in decaauts)
 A = Elapsed time spent in this place.
 B = Non-inter-level travel time spent in this place.
 C = Inter-level travel time spent in this place.
 D = Time resting spent in this place.
 E = Time spent auto-exploring this place.
 F = Levels seen in this place.
 G = Mean time per level.
                   A        B        C        D        E       F      G
               +--------+--------+--------+--------+--------+-----+--------+
         Total |  11681 |  10840 |    841 |      0 |   7094 |  20 |  584.0 |
       Dungeon |   8004 |   7480 |    524 |      0 |   4883 |  12 |  667.0 |
        Temple |    191 |    171 |     20 |      0 |    170 |   1 |  191.0 |
          Lair |   1849 |   1642 |    207 |      0 |   1264 |   3 |  616.3 |
         Swamp |    151 |    151 |      0 |      0 |     22 |   1 |  151.0 |
  Orcish Mines |   1172 |   1083 |     89 |      0 |    618 |   2 |  586.0 |
       Ossuary |    312 |    312 |      0 |      0 |    137 |   1 |  312.0 |
               +--------+--------+--------+--------+--------+-----+--------+

Top non-repeatable levels by time:
    D:12: 1175 daAuts
     D:5: 1056 daAuts
     D:4: 989 daAuts
    D:11: 925 daAuts
     D:7: 877 daAuts
     D:8: 863 daAuts
  Lair:2: 830 daAuts
  Lair:3: 825 daAuts
   Orc:2: 708 daAuts
    D:10: 648 daAuts
     D:9: 578 daAuts
     D:6: 571 daAuts
   Orc:1: 463 daAuts
 Ossuary: 312 daAuts
     D:1: 212 daAuts
